 Dungeon Crawl Stone Soup version 0.29-a0-378-gc08b2e8bf8 (webtiles) character file.

Game seed: 9057034698869880809

373 KateP the Cudgeller (level 6, -1/56 HPs)
             Began as a Minotaur Fighter on May 4, 2022.
             Succumbed to a gnoll's poison
             ... on level 4 of the Dungeon.
             The game lasted 00:04:43 (3386 turns).

KateP the Cudgeller (Minotaur Fighter)              Turns: 3386, Time: 00:04:44

Health: -1/56      AC: 12    Str: 20 (22) XL:     6   Next: 43%
Magic:  5/5        EV:  5    Int:  3 (5)  God:
Gold:   217        SH:  4    Dex:  9 (10) Spells: 5/5 levels left

rFire   + . .      SeeInvis .   a - +0 flail
rCold   . . .      Faith    .   c - +0 buckler
rNeg    . . .      Spirit   .   p - +0 plate armour
rPois   .          Reflect  .   (helmet restricted)
rElec   .          Harm     .   (no cloak)
rCorr   .          Rampage  .   (no gloves)
Will    .....                   (no boots)
Stlth   ..........              (no amulet)
HPRegen 0.18/turn               x - ring of protection from fire
MPRegen 0.09/turn               (no ring)

@: lethally poisoned (-1 -> -12), attractive, hasted, very quick
A: horns 2, retaliatory headbutt
a: no special abilities


You were on level 4 of the Dungeon.
You visited 1 branch of the dungeon, and saw 4 of its levels.

You collected 217 gold pieces.

Inventory:

Hand Weapons
 a - a +0 flail (weapon)
Armour
 c - a +0 buckler (worn)
 p - a +0 plate armour (worn)
Jewellery
 x - a ring of protection from fire (left hand)
Wands
 d - a wand of mindburst (11)
Scrolls
 e - 2 scrolls of enchant armour {unknown}
 h - 5 scrolls of identify {unknown}
 j - a scroll of fog {unknown}
 k - a scroll of brand weapon {unknown}
 l - a scroll of amnesia {unknown}
 o - a scroll of enchant weapon {unknown}
 r - a scroll of noise {unknown}
 u - a scroll of vulnerability {unknown}
 v - a scroll of magic mapping {unknown}
 w - a scroll of summoning {unknown}
Potions
 b - a potion of degeneration
 f - a potion of magic {unknown}
 g - a potion of haste
 i - a potion of heal wounds {unknown}
 m - a potion of curing {unknown}
 n - a potion of ambrosia {unknown}
 q - a potion of lignification {unknown}
 s - a potion of attraction
 t - a potion of brilliance {unknown}


   Skills:
 + Level 5.3 Fighting
 * Level 6.1 Maces & Flails
 + Level 5.4 Armour
 - Level 3.6 Shields


You had 5 spell levels left.
You didn't know any spells.
Your spell library contained the following spells:

 Spells                   Type           Power      Damage    Failure   Level
 Animate Skeleton         Necr           0%         N/A       100%        1
 Apportation              Tloc           0%         N/A       100%        1
 Pain                     Necr           0%         1d4       100%        1
 Sandblast                Erth           0%         2d4       100%        1
 Summon Small Mammal      Summ           0%         N/A       100%        1
 Passwall                 Tmut/Erth      0%         N/A       100%        2
 Stone Arrow              Conj/Erth      0%         3d7       100%        3
 Agony                    Necr           0%         N/A       100%        5
 Excruciating Wounds      Necr           0%         N/A       100%        5


Dungeon Overview and Level Annotations

Branches:
Dungeon (4/15)
 Temple: D:4-7

Altars:


Innate Abilities, Weirdness & Mutations

You have a pair of horns on your head.
You reflexively headbutt those who attack you in melee.


Message History

You hit the gnoll.
You kill the gnoll!
You feel very sick. The gnoll hits you but does no damage.
You are more poisoned.
You feel very sick. The gnoll hits you but does no damage.
You are more poisoned.
You block the gnoll's attack.
Items here: )) ††.
You hit the gnoll but do no damage. Your headbutt misses the gnoll.
You feel extremely sick. The gnoll hits you but does no damage.
The gnoll barely misses you.
You sock the gnoll!
The gnoll is heavily wounded.
You feel very sick. The gnoll hits you but does no damage.
You are more poisoned.
The gnoll hits you from afar with a +0 halberd.
You sock the gnoll!
You kill the gnoll!
* * * LOW HITPOINT WARNING * * *
You feel very sick.
The gnoll hits you from afar with a +0 halberd.
* * * LOW HITPOINT WARNING * * *
Unknown command.
It was a potion of degeneration.
There was something very wrong with that liquid.
You feel weakened.
You feel dopey.
You feel clumsy.
* * * LOW HITPOINT WARNING * * *
You feel very sick.
The gnoll hits you from afar with a +0 halberd.
* * * LOW HITPOINT WARNING * * *
It was a potion of attraction.
You feel attractive to monsters.
* * * LOW HITPOINT WARNING * * *
You feel very sick. The gnoll hits you but does no damage.
The gnoll is attracted toward you.
It was a potion of haste.
You feel yourself speed up.
You die...

..######†#
......# ..#
#.# .....#
#.# #.# ....
#.#
#.#######.#
#.#
#.##......#
..#
#.##.####.#
### #.##.#
#)# #.##.#
#.#
#######.##.#
#@#
......(.)..#
#g#
#######.####
#§. #.# #.##
#.# #.# ...
#.# .#. ..#
.. . #.# .#
##


You could see a gnoll.

Vanquished Creatures
  An ogre (D:3)
  A hound (D:4)
  An orc wizard (D:3)
  11 gnolls
  4 adders
  An ufetubus (D:2)
  2 worms
  2 dart slugs (D:1)
  6 orcs
  6 ball pythons
  6 bats
  5 endoplasms
  A giant cockroach (D:4)
  9 goblins
  7 hobgoblins
  2 jackals (D:1)
  2 quokkas
  6 frilled lizards
  7 kobolds
  9 rats
89 creatures vanquished.

Notes
Turn   | Place    | Note
-------+----------+-------------------------------------------
     0 | D:1      | KateP the Minotaur Fighter began the quest for the Orb.
     0 | D:1      | Reached XP level 1. HP: 19/19 MP: 0/0
   228 | D:1      | Reached skill level 3 in Maces & Flails
   228 | D:1      | Reached XP level 2. HP: 27/27 MP: 1/1
   523 | D:1      | Found a faded altar of an unknown god.
   551 | D:1      | Reached XP level 3. HP: 33/33 MP: 2/2
  1138 | D:2      | Reached skill level 4 in Maces & Flails
  1140 | D:2      | Reached XP level 4. HP: 38/40 MP: 3/3
  1592 | D:2      | Reached XP level 5. HP: 35/47 MP: 4/4
  1606 | D:2      | Reached skill level 5 in Maces & Flails
  2079 | D:3      | Noticed an ogre
  2088 | D:3      | Killed an ogre
  2089 | D:3      | Reached skill level 5 in Fighting
  2089 | D:3      | Reached skill level 5 in Armour
  2372 | D:3      | Reached XP level 6. HP: 56/56 MP: 5/5
  3276 | D:4      | Reached skill level 6 in Maces & Flails
  3385 | D:4      | HP: 2/56 [poisoned by a gnoll]
  3386 | D:4      | Succumbed to a gnoll's poison

Illustrated notes

Levels and vault maps discovered:
D:1:      dpeg_arrival_central, layout_basic,
          hellmonk_ecumenical_altar_heavens_door, hangedman_feature_mirror
D:2:      layout_rooms, guppyfry_early_orc_mine
D:3:      layout_basic, gup_sewer_entry_bowl, minmay_cupped
D:4:      layout_loops_ring

Skill      XL: |  1  2  3  4  5  6 |
---------------+-------------------+-----
Maces & Flails | 3 4 5 6 |  6.1
Fighting       | 4 5 |  5.3
Armour         | 4 5 |  5.4
Shields        | |  3.6

Action                   |  1- 3 |  4- 6 || total
-------------------------+-------+-------++-------
Melee: Flail             |    57 |   149 ||   206
       Headbutt          |     9 |    21 ||    30
  Use: Potion            |       |     4 ||     4
Armor: Scale mail        |    24 |    27 ||    51
       Plate armour      |       |    56 ||    56
Dodge: Dodged            |    24 |    52 ||    76
Block: Buckler           |    18 |    33 ||    51

Table legend: (Time is in decaauts)
 A = Elapsed time spent in this place.
 B = Non-inter-level travel time spent in this place.
 C = Inter-level travel time spent in this place.
 D = Time resting spent in this place.
 E = Time spent auto-exploring this place.
 F = Levels seen in this place.
 G = Mean time per level.
                   A        B        C        D        E       F      G
               +--------+--------+--------+--------+--------+-----+--------+
         Total |   3434 |   3434 |      0 |    546 |   2235 |   4 |  858.5 |
       Dungeon |   3434 |   3434 |      0 |    546 |   2235 |   4 |  858.5 |
               +--------+--------+--------+--------+--------+-----+--------+

Top non-repeatable levels by time:
     D:2: 1039 daAuts
     D:1: 1018 daAuts
     D:3: 965 daAuts
     D:4: 411 daAuts
